 Dungeon Sprint DCSS version 0.27.1 (webtiles) character file.

Game seed: 3216738226855990998

9 styxcanada the Covert (level 2, -4/22 HPs)
             Began as a Spriggan Brigand on Aug 22, 2021.
             Splashed by an oklob sapling's acid (13 damage)
             ... in the Dungeon (Sprint IV: "Fedhas' Mad Dash").
             The game lasted 00:00:27 (200 turns).

styxcanada the Covert (Spriggan Brigand)             Turns: 200, Time: 00:00:29

Health: -4/22      AC:  3    Str:  7    XL:     2   Next: 6%
Magic:  3/3        EV: 17    Int: 12    God:
Gold:   0          SH:  0    Dex: 16    Spells: 1/1 levels left

rFire    . . .     SeeInvis +   a - +2 dagger
rCold    . . .     Faith    .   (shield restricted)
rNeg     . . .     Spirit   .   b - +0 robe
rPois    .         Reflect  .   (helmet restricted)
rElec    .         Harm     .   c - +0 cloak
rCorr    .         Rampage  .   (gloves unavailable)
Will     .....     NoTele   +   (boots unavailable)
Stlth    ..........             (no amulet)
HPRegen  0.07/turn              (no ring)
MPRegen  0.08/turn              (no ring)

@: berserking, very quick
A: very small, no large weapons, unfitting armour, see invisible, speed 3
a: no special abilities


You were in the Dungeon.
You visited 1 branch

Inventory:

Hand Weapons
 a - a +2 dagger (weapon)
Missiles
 d - 7 poisoned darts (quivered)
 e - 2 curare-tipped darts
 l - 19 stones
Armour
 b - a +0 robe (worn)
 c - a +0 cloak (worn)
Scrolls
 k - a scroll of blinking
Potions
 f - a potion of curing
 g - a potion of heal wounds
 h - a potion of haste
 i - 2 potions of magic


   Skills:
 * Level 1.8 Fighting
 + Level 2.3 Short Blades
 + Level 2.2 Throwing
 * Level 2.1 Dodging
 * Level 8.1 Stealth


You had one spell level left.
You didn't know any spells.
Your spell library was empty.

Dungeon Overview and Level Annotations

Branches:
Dungeon (1/1)

Altars:

Annotations:
D exclusion: oklob sapling


Innate Abilities, Weirdness & Mutations

You are very small and have problems with some larger weapons.
You are too small for most types of armour.
You have supernaturally acute eyesight. (SInv)
You cover ground extremely quickly. (Speed+++)


Message History

Press: ? - help, Q - select action, (/) - cycle Shift-Dir - straight line, f/p - river rat
Aim: a river rat (severely wounded, poisoned, 57% to hit)
You throw a poisoned dart. The poisoned dart hits the river rat.
The river rat looks even sicker.
The river rat is severely wounded.
You kill the river rat!
Your Dodging skill increases to level 2!
Your Stealth skill gained 3 levels and is now at level 8!
You have reached level 2!
You see here a river rat corpse.
There is an open door here.
You see here a poisoned dart.
You see here 19 stones.
The helpless rat fails to defend itself.
You spit the rat like a pig!!!
You kill the rat!
You see here a rat corpse.
d - 7 poisoned darts (gained 1)
You see here 19 stones.
l - 19 stones You start resting.
HP restored.
You open the door.
An oklob sapling comes into view.
Marking area around an oklob sapling as unsafe for travelling.
Found 46 gold pieces.
There is an open door here.
A red film seems to cover your vision as you go berserk!
You feel yourself moving faster!
You feel mighty!
You hit the oklob sapling.
The oklob sapling is lightly damaged.
You hit the oklob sapling but do no damage.
You hit the oklob sapling.
The oklob sapling is heavily damaged.
The oklob sapling spits acid at you. The splash of acid hits you!
Ouch! That really hurt!
You are splashed with acid!
Ouch! That really hurt!
You die...

##################
#<..P#....†#.$$$$#
#PP.†'.....@.#
#PPPP#.....#P#
##############


You could see an oklob sapling.

Vanquished Creatures
  A river rat (D)
  A rat (D)
2 creatures vanquished.

Notes
Turn   | Place    | Note
-------+----------+-------------------------------------------
     0 | D        | styxcanada the Spriggan Brigand began the quest for the
                  | Orb.
     0 | D        | Reached XP level 1. HP: 10/10 MP: 2/2
    15 | D        | Reached skill level 8 in Stealth
    15 | D        | Reached XP level 2. HP: 6/15 MP: 3/3
   195 | D        | Noticed an oklob sapling
   200 | D        | Splashed by an oklob sapling's acid

Illustrated notes

Levels and vault maps discovered:
D:        dungeon_sprint_fedhas [sprint_temple]

Skill      XL: |  1 |
---------------+----+-----
Dodging        | 2 |  2.1
Stealth        | 8 |  8.1
Fighting       | |  1.8
Short Blades   | |  2.3
Throwing       | |  2.2

Action                   || total
-------------------------++-------
Melee: Dagger            ||     5
Throw: Dart              ||     2
  Use: Potion            ||     1
 Stab: Sleeping          ||     1
